 Dungeon Crawl Stone Soup version 0.28-b1-25-g9875b3fc8c (webtiles) character file.

Game seed: 17181774496096536707

208351 inmateoo the Alchemist (level 18, 0/180 HPs)
             Began as an Octopode Transmuter on Feb 7, 2022.
             Was the Champion of Cheibriados.
             Shot with an arrow by a deep elf master archer (24 damage)
             ... on level 3 of the Elven Halls.
             The game lasted 00:52:21 (33651 turns).

inmateoo the Alchemist (Octopode Transmuter)       Turns: 33651, Time: 00:52:22

Health: 0/180      AC: 16    Str: 36    XL:     18   Next: 78%
Magic:  30/37      EV: 16    Int: 36    God:    Cheibriados [******]
Gold:   847        SH:  0    Dex: 28    Spells: 11/47 levels left

rFire   + + +      SeeInvis .     - Unarmed
rCold   + . .      Faith    .   (shield currently unavailable)
rNeg    + . .      Spirit   .   (helmet currently unavailable)
rPois   +          Reflect  .   j - amulet "Wopn" {Acrobat rElec rC+ Stlth+}
rElec   +          Harm     .   l - ring of positive energy
rCorr   .          Rampage  .   y - ring of willpower
Will    +++..      Clarity  +   A - ring of protection from fire
Stlth   +++.......              B - ring of wizardry
HPRegen 0.40/turn               I - ring of protection from cold
MPRegen 0.25/turn               J - ring of poison resistance
                                Q - ring of willpower
                                S - +4 ring of slaying

@: dragon-form, flying, very slow
A: dragon claw, dragon scales, breathe fire, flying, boosted hp, almost no
armour, amphibious, 8 rings, giant, (camouflage 1), (gelatinous body 1), (nimble
swimmer 1), (tentacles), clarity, wild magic 1
}: 1/15 runes: gossamer
a: Breathe Fire, End Transformation, Renounce Religion, Bend Time, Temporal
Distortion, Slouch, Step From Time


You were on level 3 of the Elven Halls.
You worshipped Cheibriados.
Cheibriados was exalted by your worship.
You were a fearsome dragon!
You visited 7 branches of the dungeon, and saw 32 of its levels.
You also visited: Gauntlet.

You collected 2627 gold pieces.
You spent 1780 gold pieces at shops.

Inventory:

Hand Weapons
 E - the +8 flail of Victory {drain, Int+4}
   (You took it off a minotaur in a Gauntlet)

   A truly terrible weapon, it drains the life of any living foe it strikes.
   Int:       It affects your intelligence (+4).
Missiles
 h - 2 throwing nets
Armour
 p - a +2 hat of see invisible (melded)
Magical Staves
 e - a staff of air
 i - a staff of earth
 R - a staff of death
Jewellery
 f - the amulet "Cajexoja" {Regen+ Int+3}
   (You bought it in a shop on level 10 of the Dungeon)

   [amulet of regeneration]

   Int:       It affects your intelligence (+3).
   Regen:     It increases your rate of health regeneration.
 j - the amulet "Wopn" (around neck) {Acrobat rElec rC+ Stlth+}
   (You found it on level 10 of the Dungeon)

   [amulet of the acrobat]

   It increases your evasion while moving and waiting.
   rC:        It protects you from cold.
   rElec:     It insulates you from electricity.
   Stlth:     It makes you more stealthy.
 l - a ring of positive energy (left foreclaw)
 y - a ring of willpower (right foreclaw)
 A - a ring of protection from fire (on tentacle)
 B - a ring of wizardry (on tentacle)
 I - a ring of protection from cold (on tentacle)
 J - a ring of poison resistance (on tentacle)
 Q - a ring of willpower (on tentacle)
 S - a +4 ring of slaying (on tentacle)
Wands
 a - a wand of polymorph (3)
 k - a wand of iceblast (16) (quivered)
 u - a wand of digging (1)
 x - a wand of flame (3)
 H - a wand of charming (5)
 K - a wand of mindburst (3)
 T - a wand of acid (5)
Scrolls
 c - 14 scrolls of teleportation
 g - 6 scrolls of enchant armour
 o - 2 scrolls of amnesia
 r - 4 scrolls of fog
 t - 15 scrolls of identify
 w - a scroll of blinking
 z - a scroll of holy word
 D - 9 scrolls of magic mapping
 N - 2 scrolls of fear
 P - a scroll of silence
Potions
 b - 9 potions of mutation
 d - 3 potions of resistance
 m - 15 potions of curing
 n - 4 potions of brilliance
 q - 7 potions of might
 s - a potion of cancellation
 v - 6 potions of ambrosia
 C - 3 potions of flight
 G - 5 potions of heal wounds
 L - 2 potions of magic
 M - a potion of berserk rage
Miscellaneous
 F - a box of beasts


   Skills:
 - Level 10.0 Fighting
 + Level 9.6 Dodging
 + Level 12.5 Unarmed Combat
 + Level 15.0 Spellcasting
 - Level 3.0 Conjurations
 - Level 3.0 Translocations
 - Level 16.0 Transmutations
 - Level 7.0 Ice Magic
 - Level 3.0 Air Magic
 + Level 12.5 Earth Magic
 - Level 6.0 Poison Magic
 + Level 9.8 Invocations


You had 11 spell levels left.
You knew the following spells:

 Your Spells              Type           Power      Damage    Failure   Level
a - Dragon Form           Tmut           55%        N/A       1%          7
b - Wereblood             Tmut           100%       N/A       1%          2
c - Spider Form           Tmut/Pois      95%        N/A       1%          3
d - Ice Form              Ice/Tmut       97%        N/A       1%          4
e - Lee's Rapid Deconstr  Erth           50%        3d25*     1%          5
f - Passwall              Tmut/Erth      88%        N/A       1%          2
g - Apportation           Tloc           100%       N/A       1%          1
h - Beastly Appendage     Tmut           100%       N/A       1%          1
i - Irradiate             Conj/Tmut      44%        3d28      1%          5
j - Iron Shot             Conj/Erth      41%        9d8       5%          6

Your spell library contained the following spells:

 Spells                   Type           Power      Damage    Failure   Level
 Animate Skeleton         Necr           70%        N/A       1%          1
 Magic Dart               Conj           100%       1d8       1%          1
 Pain                     Necr           100%       1d9       1%          1
 Shock                    Conj/Air       100%       1d9       1%          1
 Sting                    Tmut/Pois      100%       1d8       1%          1
 Summon Small Mammal      Summ           100%       N/A       1%          1
 Ensorcelled Hibernation  Hex/Ice        100%       N/A       1%          2
 Scorch                   Fire           70%        2d9       1%          2
 Searing Ray              Conj           100%       2d8       1%          2
 Sublimation of Blood     Necr           35%        N/A       1%          2
 Dazzling Flash           Conj/Hex       98%        N/A       1%          3
 Gell's Gravitas          Tloc           58%        N/A       1%          3
 Swiftness                Air            58%        N/A       1%          3
 Teleport Other           Tloc           58%        N/A       1%          3
 Alistair's Intoxication  Tmut/Pois      63%        N/A       1%          5
 Blade Hands              Tmut           55%        N/A       1%          5
 Call Canine Familiar     Summ           35%        N/A       2%          3
 Summon Guardian Golem    Hex/Summ       35%        N/A       2%          3
 Vampiric Draining        Necr           35%        2d8       2%          3
 Iskenderun's Mystic Bla  Conj/Tloc      58%        2d12      2%          4
 Flame Wave               Conj/Fire      49%        2d10      4%          4
 Fulminant Prism          Conj/Hex       24%        3d13      4%          4
 Agony                    Necr           35%        N/A       21%         5
 Excruciating Wounds      Necr           17%        N/A       21%         5
 Dispersal                Tloc           29%        N/A       30%         6
 Starburst                Conj/Fire      24%        6d8       47%         6
 Summon Cactus Giant      Summ           17%        N/A       67%         6
 Summon Hydra             Summ           17%        N/A       99%         7


Dungeon Overview and Level Annotations

Branches:
Dungeon (15/15)            Temple (1/1) D:4            Lair (6/6) D:9
 Shoals (0/4) Lair:4       Spider (4/4) Lair:3        Slime (0/5) Lair:6
    Orc (2/2) D:9             Elf (3/3) Orc:2        Vaults (1/5) D:14
 Depths (0/4) D:15        Gauntlet (visited)

Altars:
Ashenzari
Cheibriados
Dithmenos
Elyvilon
Fedhas
Gozag
Hepliaklqana
Kikubaaqudgha
Makhleb
Nemelex Xobeh
Okawaru
Qazlal
Ru
Sif Muna
Trog
Uskayaw
Vehumet
Wu Jian
Xom
Yredelemnul
Zin
The Shining One
Beogh
Jiyva

Shops:
D:7 (   D:10 =?   D:12 ?   Orc:2 ?[(=   Elf:3 ?(*

Portals:
Trove: D:12 (give 16 potions of curing)

Annotations:
Lair:2 exclusion: oklob plant
Lair:3 exclusion: oklob plant
Elf:2 28 runed doors


Innate Abilities, Weirdness & Mutations

You are a fearsome dragon!
You have a powerful clawing attack.
Your giant scaled body is strong and resiliant, but less evasive.
You can breathe fire.
You are flying.
Your maximum health is greatly increased.
Your armour is entirely melded.
You are incapable of wielding weapons or throwing items.
You cannot wear most types of armour.
You are amphibious.
You can wear up to eight rings at the same time.
((Your skin changes colour to match your surroundings (Stealth+).))
((Your rubbery body absorbs attacks. (AC +1, EV +1)))
((You are camouflaged when in or above water. (Stealth+)))
((You have tentacles for arms and can constrict up to eight enemies at once.))
You possess an exceptional clarity of mind.
Your spells are a little harder to cast, but a little more powerful.


Message History

Your transformation is almost over.
You hear a shout!
A deep elf master archer comes into view.
The deep elf master archer wields a +0 longbow.
The deep elf master archer shoots an arrow.
The arrow hits you!
Your primal bloodlust is almost over.
The deep elf master archer shoots an arrow.
The arrow barely misses you.
The deep elf master archer shoots an arrow.
The arrow hits you!!
The deep elf master archer shoots an arrow.
The arrow closely misses you.
You roar as the wereblood boils in your veins!
Your primal bloodlust has ended.
Your transformation has ended.
Your +2 hat of see invisible unmelds from your body.
You feel perceptive.
The deep elf master archer shoots an arrow.
The arrow completely misses you.
The deep elf master archer shoots an arrow.
The arrow hits you!
The deep elf master archer shoots an arrow.
The arrow hits you!!
The deep elf master archer shoots an arrow.
The arrow completely misses you.
The deep elf master archer unwields a +0 longbow.
The deep elf master archer completely misses you.
The deep elf master archer wields a +0 longbow.
The deep elf master archer shoots an arrow.
The arrow hits you!!!
* * * LOW HITPOINT WARNING * * *
Casting: Lee's Rapid Deconstruction (mildly dangerous; 1% risk of failure)
Confirm with . or Enter, or press ? or * to list all spells.
You turn into a fearsome dragon!
Your +2 hat of see invisible melds into your body.
You feel less perceptive.
The deep elf master archer shoots an arrow.
The arrow hits you!!
You die...

##..#
#..#
....#
#..#
....# #
#..# #
#. #..#
#. #..#
#..#..#
#..#..#
#..#..#
#..#D.#
#..e..#
#..#..#
#...#..#
....
#..#
#.∩.#
#..#
....
#..# ..#
#..#


You could see a deep elf master archer.

Vanquished Creatures
  Saint Roka (Elf:3)
  Rupert (Lair:6)
  A deep elf master archer (Elf:3)
  3 deep elf blademasters (Elf:3)
  Agnes (Elf:2)
  2 ghost moths (Spider:4)
  17 emperor scorpions
  2 deep elf sorcerers (Elf:3)
  An orc warlord (Orc:2)
  A deep elf elementalist (Elf:3)
  4 broodmothers
  2 deep elf demonologists
  A minotaur (Gauntlet)
  3 spark wasps
  3 entropy weavers
  3 deep elf annihilators
  3 deep elf death magi
  2 deep elf high priests (Elf:3)
  6 hydras
  6 boulder beetles
  2 jorogumos
  8 centaur warriors
  A merfolk avatar (Lair:6)
  9 dancing weapons
  3 two-headed ogres
  4 orc high priests (Orc:2)
  8 tengu warriors
  A death yak (Lair:4)
  9 deep elf knights
  Nergalle (Lair:4)
  6 skeletal warriors
  6 pharaoh ants
  4 steelbarb worms
  A sun moth (Spider:1)
  8 orb spiders
  A glowing orange brain (shapeshifter) (D:14)
  7 deep elf archers
  4 orc knights
  A wolf spider zombie (D:15)
  A wizard (D:15)
  A harpy (Lair:6)
  3 necromancers
  21 deep elf pyromancers
  23 deep elf zephyrmancers
  5 manticores
  4 orc sorcerers
  14 wolf spiders
  19 ugly things
  6 cyclopes
  4 moths of wrath
  A guardian serpent (shapeshifter) (D:13)
  3 black mambas
  15 elephants
  A naga mage (D:15)
  7 torpor snails
  3 centaur skeletons (D:15)
  5 rime drakes
  13 komodo dragons
  14 cane toads
  A yaktaur skeleton (Vaults:1)
  6 kobold demonologists
  8 demonic crawlers
  2 tengu conjurers
  2 polar bears
  16 meliai
  4 trolls
  A wolf spider simulacrum (D:15)
  28 tarantellas
  4 hornets
  A wind drake (Lair:4)
  7 blink frogs
  2 snapping turtles (Lair:6)
  4 dream sheep (Lair:5)
  2 air elementals (Elf:1)
  2 shadows
  19 jumping spiders
  18 culicivoras
  A ynoxinul (Gauntlet)
  An ettin skeleton (Vaults:1)
  2 wraiths
  A vampire (D:12)
  A water elemental (Elf:2)
  A spriggan (Lair:4)
  43 yaks
  Grum (D:8)
  33 redbacks
  5 basilisks
  3 steam dragons
  5 wargs
  6 vampire mosquitoes
  The ghost of p0werm0de the Skirmisher, an amateur GrFi (D:3)
  3 swamp worms (Gauntlet)
  21 water moccasins
  An acid dragon (D:13)
  2 black bears
  41 orc warriors
  An ice beast (D:6)
  4 sky beasts
  12 ogres
  A necrophage (D:6)
  5 boggarts (D:15)
  2 human zombies (Vaults:1)
  15 wolves
  A phantom (D:6)
  9 centaurs
  6 kobold brigands
  18 bullfrogs
  4 earth elementals
  A cane toad simulacrum (Lair:5)
  A wyvern zombie (D:7)
  A gnoll sergeant (D:5)
  4 scorpions
  2 water moccasin zombies
  A water moccasin skeleton (D:7)
  23 killer bees
  An elephant simulacrum (Lair:5)
  A howler monkey (D:7)
  5 wights (D:9)
  3 electric eels
  2 jellies (D:2)
  2 bullfrog skeletons
  3 centaur zombies
  22 orc priests
  4 iron imps (Gauntlet)
  An iguana (D:5)
  29 orc wizards
  A polar bear simulacrum (Lair:5)
  A killer bee zombie (D:6)
  A wolf simulacrum (Lair:5)
  A howler monkey zombie (D:8)
  A howler monkey skeleton (D:5)
  7 adders
  10 gnolls
  A shadow imp (D:5)
  4 ufetubi
  An adder zombie (D:5)
  6 worms
  5 dart slugs
  89 orcs
  7 ball pythons
  11 endoplasms
  2 giant cockroaches
  3 hobgoblins
  6 jackals
  2 quokkas (D:1)
  7 bats
  4 frilled lizards (D:2)
  2 goblins
  32 kobolds
  6 rats
  A butterfly (Lair:1)
1004 creatures vanquished.

Vanquished Creatures (collateral kills)
  An orb spider (Spider:4)
  A yak (D:9)
  A bullfrog (Lair:3)
  An orc (D:15)
4 creatures vanquished.

Vanquished Creatures (others)
  A boulder beetle (Lair:3)
  An elephant (Lair:4)
  56 fungi
  86 plants
  8 toadstools (D:2)
  24 withered plants (Gauntlet)
176 creatures vanquished.

Grand Total: 1184 creatures vanquished

Notes
Turn   | Place    | Note
-------+----------+-------------------------------------------
     0 | D:1      | inmateoo the Octopode Transmuter began the quest for the
                  | Orb.
     0 | D:1      | Reached XP level 1. HP: 13/13 MP: 3/3
   396 | D:1      | Reached XP level 2. HP: 17/18 MP: 1/5
   416 | D:1      | Learned a level 2 spell: Wereblood
   836 | D:1      | Reached XP level 3. HP: 23/23 MP: 2/6
   840 | D:1      | Learned a level 3 spell: Spider Form
  1688 | D:2      | Reached skill level 1 in Poison Magic
  2091 | D:2      | Reached XP level 4. HP: 27/28 MP: 3/7
  2198 | D:2      | Found an opulent altar of Gozag.
  2390 | D:2      | Gained mutation: Your spells are a little harder to cast,
                  | but a little more powerful. [potion of mutation]
  2390 | D:2      | Gained mutation: You possess an exceptional clarity of
                  | mind. [potion of mutation]
  2607 | D:3      | Found a runed translucent door.
  2607 | D:3      | Noticed a bullfrog
  2611 | D:3      | Noticed p0werm0de's ghost (amateur GrFi)
  3203 | D:3      | Found a faded altar of an unknown god.
  3334 | D:2      | Reached XP level 5. HP: 15/34 MP: 7/9
  3761 | D:4      | Reached skill level 3 in Transmutations
  3876 | D:4      | Reached XP level 6. HP: 29/39 MP: 6/10
  4042 | D:4      | Found a staircase to the Ecumenical Temple.
  4066 | Temple   | Entered the Ecumenical Temple
  4451 | Temple   | Became a worshipper of Cheibriados the Contemplative
  4917 | D:4      | Reached * piety under Cheibriados
  5128 | D:5      | Entered Level 5 of the Dungeon
  5218 | D:5      | Learned a level 4 spell: Ice Form
  5252 | D:5      | Reached XP level 7. HP: 27/45 MP: 8/12
  5679 | D:5      | Reached skill level 1 in Ice Magic
  5976 | D:5      | Reached skill level 5 in Poison Magic
  6082 | D:5      | Reached skill level 4 in Transmutations
  6503 | D:6      | Reached XP level 8. HP: 50/50 MP: 10/14
  6535 | D:6      | Identified the +3 leather armour "Woroot" {rF+ rC+}
  6552 | D:6      | Reached ** piety under Cheibriados
  6581 | D:6      | Reached skill level 1 in Invocations
  6640 | D:6      | Reached skill level 1 in Earth Magic
  6872 | D:6      | Found a sparkling altar of Nemelex Xobeh.
  7073 | D:6      | Reached XP level 9. HP: 37/55 MP: 6/15
  7704 | D:7      | Reached skill level 5 in Transmutations
  7740 | D:7      | Reached skill level 5 in Ice Magic
  7857 | D:7      | Found Guq Goehu's Antique Weapon Shop.
  7956 | D:7      | Reached skill level 5 in Unarmed Combat
  8272 | D:8      | Reached *** piety under Cheibriados
  8301 | D:8      | Noticed Grum
  8312 | D:8      | Killed Grum
  8313 | D:8      | Reached skill level 5 in Spellcasting
  8948 | D:8      | Learned a level 5 spell: Lee's Rapid Deconstruction
  9307 | D:8      | Reached XP level 10. HP: 35/63 MP: 8/17
  9515 | D:9      | Reached **** piety under Cheibriados
  9516 | D:9      | Reached skill level 6 in Transmutations
  9616 | D:9      | Found a staircase to the Orcish Mines.
  9708 | D:9      | Found a staircase to the Lair.
  9781 | D:9      | Reached skill level 5 in Invocations
  9956 | D:9      | Reached skill level 7 in Transmutations
 10676 | D:10     | Entered Level 10 of the Dungeon
 10712 | D:10     | Found Cufer's Jewellery Emporium.
 10718 | D:10     | Bought the amulet "Cajexoja" {Regen+ Int+3} for 519 gold
                  | pieces
 10765 | D:10     | Reached skill level 5 in Earth Magic
 10770 | D:10     | Reached XP level 11. HP: 52/69 MP: 8/18
 11002 | D:10     | Identified the amulet "Wopn" {Acrobat rElec rC+ Stlth+}
 11080 | D:10     | Noticed a two-headed ogre
 11084 | D:10     | Killed a two-headed ogre
 11144 | D:10     | Found Kixtox's Magic Scroll Emporium.
 11152 | D:10     | Bought 3 scrolls of identify for 90 gold pieces
 11314 | D:11     | Learned a level 2 spell: Passwall
 11427 | D:11     | Noticed a cyclops
 11428 | D:11     | Noticed a cyclops
 11428 | D:11     | Noticed a two-headed ogre
 11428 | D:11     | Noticed a two-headed ogre
 11602 | D:12     | Noticed a purple ugly thing
 11611 | D:12     | Killed a purple ugly thing
 11903 | Lair:1   | Entered Level 1 of the Lair of Beasts
 11931 | Lair:1   | Reached ***** piety under Cheibriados
 12033 | Lair:1   | Noticed a five-headed hydra
 12040 | Lair:1   | Killed a five-headed hydra
 12041 | Lair:1   | Reached skill level 5 in Fighting
 12041 | Lair:1   | Reached skill level 5 in Dodging
 12670 | Lair:2   | Noticed a seven-headed hydra
 12676 | Lair:2   | Killed a seven-headed hydra
 12677 | Lair:2   | Reached XP level 12. HP: 74/77 MP: 18/21
 13060 | Lair:2   | Identified the +8 falchion "Ymues" {venom, rElec rN+
                  | Stlth-}
 13300 | Lair:2   | Noticed a five-headed hydra
 13315 | Lair:2   | Killed a five-headed hydra
 13891 | Lair:3   | Found a hole to the Spider Nest.
 13917 | Lair:3   | Noticed a boulder beetle
 14014 | Lair:3   | Reached skill level 10 in Unarmed Combat
 14277 | Lair:3   | Noticed a four-headed hydra
 14287 | Lair:3   | Killed a four-headed hydra
 14363 | Lair:3   | Reached XP level 13. HP: 69/83 MP: 21/25
 14756 | Lair:3   | Learned a level 1 spell: Apportation
 14889 | Lair:4   | Found a staircase to the Shoals.
 15188 | D:11     | Reached skill level 10 in Earth Magic
 15473 | D:12     | Found Wimoimen's Magic Scroll Boutique.
 15480 | D:12     | Bought a scroll of magic mapping for 56 gold pieces
 15480 | D:12     | Bought a scroll of teleportation for 48 gold pieces
 15480 | D:12     | Bought a scroll of fog for 32 gold pieces
 15498 | D:12     | Found a portal to a secret trove of treasure.
 15726 | D:12     | Reached ****** piety under Cheibriados
 15785 | D:12     | Reached skill level 10 in Spellcasting
 16596 | D:13     | Identified the +5 trident of Masurhyc {flame, *Slow rN++
                  | rCorr Stlth+}
 17331 | D:13     | Learned a level 7 spell: Dragon Form
 17930 | Lair:4   | Reached XP level 14. HP: 52/90 MP: 24/28
 18146 | Lair:4   | Reached skill level 8 in Transmutations
 18293 | Lair:4   | Noticed Nergalle
 18306 | Lair:4   | Killed Nergalle
 19576 | Lair:6   | Entered Level 6 of the Lair of Beasts
 19605 | Lair:5   | HP: 6/138 [black mamba (11)]
 19727 | Lair:6   | Found a gate leading to a gauntlet.
 19738 | Lair:6   | Paralysed by a hornet for 1 turns
 19767 | Gauntlet | Entered a Gauntlet
 19767 | Gauntlet | Found a transporter.
 19767 | Gauntlet | Found a transporter.
 19768 | Gauntlet | Found a transporter.
 19771 | Gauntlet | Found a transporter.
 19773 | Gauntlet | Found a transporter.
 19781 | Gauntlet | Found a transporter.
 19850 | Gauntlet | Found a transporter.
 19860 | Gauntlet | Found a transporter.
 19875 | Gauntlet | Found a transporter.
 19887 | Gauntlet | Found a transporter.
 19900 | Gauntlet | Found a transporter.
 19906 | Gauntlet | Found a transporter.
 19978 | Gauntlet | Reached skill level 9 in Transmutations
 20195 | Gauntlet | Identified the +8 flail of Victory {drain, Int+4}
 20216 | Gauntlet | Got Loublue's Almanac of the Poisonous Rocks
 20389 | Gauntlet | Identified the +9 short sword of Fortitude {venom, Int+3}
 20508 | Lair:6   | Noticed Rupert
 20518 | Lair:6   | Killed Rupert
 20688 | Lair:6   | Learned a level 5 spell: Irradiate
 20709 | Lair:6   | Reached skill level 10 in Transmutations
 20713 | Lair:6   | Found a staircase to the Slime Pits.
 20713 | Lair:6   | Found a viscous altar of Jiyva.
 21053 | Lair:6   | Reached XP level 15. HP: 99/99 MP: 15/30
 21735 | D:14     | Reached skill level 11 in Transmutations
 21827 | D:10     | Bought a ring of protection from cold for 300 gold pieces
 21828 | D:10     | Bought a ring of poison resistance for 240 gold pieces
 22055 | D:14     | Reached skill level 12 in Transmutations
 22144 | D:14     | Found a gate to the Vaults.
 22661 | D:14     | Found a shimmering blue altar of Sif Muna.
 22777 | D:15     | Entered Level 15 of the Dungeon
 23147 | D:15     | Reached skill level 13 in Transmutations
 23448 | D:15     | Found a snail-covered altar of Cheibriados.
 23501 | D:15     | Found a staircase to the Depths.
 23823 | Orc:1    | Entered Level 1 of the Orcish Mines
 24058 | Orc:1    | Reached XP level 16. HP: 105/105 MP: 16/32
 24258 | Orc:2    | Entered Level 2 of the Orcish Mines
 24336 | Orc:2    | Found Qextasuv's Jewellery Boutique.
 24376 | Orc:2    | Reached skill level 14 in Transmutations
 24396 | Orc:2    | Found a staircase to the Elven Halls.
 24611 | Orc:2    | Found Qeuka's Antique Armour Emporium.
 24615 | Orc:2    | Found Bupool's Antique Weapon Shoppe.
 25052 | Orc:2    | Found Heesm's Magic Scroll Emporium.
 25059 | Orc:2    | Bought a scroll of blinking for 90 gold pieces
 25059 | Orc:2    | Bought a scroll of magic mapping for 42 gold pieces
 25274 | D:3      | Killed p0werm0de's ghost
 25506 | Spider:1 | Entered Level 1 of the Spider Nest
 25850 | Spider:1 | Reached skill level 15 in Transmutations
 26481 | Spider:1 | Learned a level 6 spell: Iron Shot
 26858 | Spider:2 | Reached skill level 1 in Conjurations
 26858 | Spider:2 | Reached skill level 1 in Translocations
 26858 | Spider:2 | Reached skill level 1 in Air Magic
 27425 | Spider:3 | Reached XP level 17. HP: 110/110 MP: 28/35
 28005 | Spider:4 | Entered Level 4 of the Spider Nest
 29371 | Spider:4 | Got a gossamer rune of Zot
 29762 | Vaults:1 | Entered Level 1 of the Vaults
 29957 | Elf:1    | Entered Level 1 of the Elven Halls
 29965 | Elf:1    | Paralysed by an air elemental for 1 turns
 29970 | Elf:1    | Paralysed by an air elemental for 1 turns
 30119 | D:10     | Bought a ring of willpower for 300 gold pieces
 30653 | Elf:1    | Got the Tome of Confrontation
 30703 | Elf:1    | Reached XP level 18. HP: 118/118 MP: 30/36
 30888 | Elf:1    | Found a radiant altar of Vehumet.
 31850 | Elf:2    | Found a huge runed gate.
 31850 | Elf:2    | Found a huge runed gate.
 31851 | Elf:2    | Found a huge runed gate.
 31852 | Elf:2    | Found a huge runed gate.
 31853 | Elf:2    | Found a huge runed gate.
 31853 | Elf:2    | Found a huge runed gate.
 31853 | Elf:2    | Found a huge runed gate.
 31853 | Elf:2    | Found a huge runed gate.
 31853 | Elf:2    | Found a huge runed gate.
 31853 | Elf:2    | Found a huge runed gate.
 31859 | Elf:2    | Found a huge runed gate.
 31859 | Elf:2    | Found a huge runed gate.
 31859 | Elf:2    | Found a huge runed gate.
 31859 | Elf:2    | Found a huge runed gate.
 31859 | Elf:2    | Found a huge runed gate.
 31859 | Elf:2    | Found a huge runed gate.
 31860 | Elf:2    | Found a huge runed gate.
 31861 | Elf:2    | Found a huge runed gate.
 31862 | Elf:2    | Found a huge runed gate.
 31871 | Elf:2    | Found a huge runed gate.
 31871 | Elf:2    | Found a huge runed gate.
 31871 | Elf:2    | Found a huge runed gate.
 31871 | Elf:2    | Found a huge runed gate.
 31871 | Elf:2    | Found a huge runed gate.
 31871 | Elf:2    | Found a huge runed gate.
 31871 | Elf:2    | Found a huge runed gate.
 31872 | Elf:2    | Found a huge runed gate.
 31873 | Elf:2    | Noticed Agnes
 31878 | Elf:2    | Killed Agnes
 31881 | Elf:2    | Found a huge runed gate.
 32153 | Elf:2    | Found a runed translucent gate.
 32153 | Elf:2    | Found a runed translucent gate.
 32154 | Elf:2    | Found a runed translucent gate.
 32203 | Elf:2    | Found a huge runed gate.
 32203 | Elf:2    | Found a huge runed gate.
 32203 | Elf:2    | Found a huge runed gate.
 32204 | Elf:2    | Found a huge runed gate.
 32205 | Elf:2    | Found a huge runed gate.
 32288 | Elf:2    | Found a huge runed gate.
 32288 | Elf:2    | Found a huge runed gate.
 32289 | Elf:2    | Found a huge runed gate.
 32466 | Elf:3    | Entered Level 3 of the Elven Halls
 32504 | Elf:3    | Noticed a deep elf blademaster
 32900 | Elf:3    | Found Acleonelu's Magic Scroll Emporium.
 32904 | Elf:3    | Bought a scroll of magic mapping for 63 gold pieces
 32912 | Elf:3    | Noticed Saint Roka
 32953 | Elf:3    | Killed Saint Roka
 32960 | Elf:3    | Killed a deep elf blademaster
 33268 | Elf:3    | Found Kuph's Antique Weapon Emporium.
 33284 | Elf:3    | Reached skill level 10 in Fighting
 33284 | Elf:3    | Reached skill level 16 in Transmutations
 33305 | Elf:3    | Noticed a deep elf blademaster
 33311 | Elf:3    | Killed a deep elf blademaster
 33473 | Elf:3    | Noticed a deep elf blademaster
 33480 | Elf:3    | Killed a deep elf blademaster
 33595 | Elf:3    | Reached skill level 15 in Spellcasting
 33597 | Elf:3    | Noticed a deep elf master archer
 33602 | Elf:3    | Killed a deep elf master archer
 33640 | Elf:3    | Found Suqohext's General Store.
 33642 | Elf:3    | Noticed a deep elf master archer
 33651 | Elf:3    | Shot with an arrow by a deep elf master archer

Illustrated notes

Levels and vault maps discovered:
D:1:      saegor_arrival_simple_c, layout_basic, serial_forest,
          infiniplex_forest_clump_large, infiniplex_forest_corner_1,
          infiniplex_forest_straight_2, infiniplex_forest_clump_tiny,
          infiniplex_forest_lined_corner, infiniplex_forest_corner_1,
          infiniplex_forest_straight_2, infiniplex_forest_lined_2,
          infiniplex_forest_clump_small, infiniplex_forest_clump_tiny
D:2:      cheibrodos_fertilizer, layout_loops_ring, basic_altar, eino_curves_01
D:3:      layout_loops_ring, shapermc_ecumenical_altar_mp_urbaneastern,
          ebering_ghost_sewer_d, small_statue_intersection
D:4:      layout_cave_pods, temple_fountains
D:5:      layout_gridville, minmay_checkerbox
D:6:      layout_rooms, nemelex_xobeh_ov_fountains_minmay
D:7:      layout_cave_pods, serial_shops, nicolae_shop_statue_plus
D:8:      minmay_angry_zag, layout_loops_corners, enter_bailey_2, uniq_grum
D:9:      layout_grid_maze, dpeg_oklobed_lair, david_orc_4
D:10:     layout_basic, serial_shops, shop_scrolls, nicolae_square_shop,
          minmay_misc_feat_iff
D:11:     layout_basic
D:12:     layout_roguey, serial_shops, shop, nicolae_trove_entry_isolated,
          minmay_hedge_maze
D:13:     layout_gridville
D:14:     layout_basic, erik_vaults_1, minmay_staircase_bubble, led_sif_pool
D:15:     grunt_enter_depths_magical_seal, layout_basic,
          chequers_serial_rivers_room_a, kennysheep_slug_shrine
Temple:   mainiacjoe_temple_trianglar_array
Lair:1:   layout_gridlike, lemuel_fruit_fields, lemuel_fruit_tree
Lair:2:   layout_loops_ring, chequers_serial_rivers_room_b,
          grunt_forest_small_clearings, nzn_random_ring, lemuel_fruit_fields
Lair:3:   layout_roguey, spider_nest_entry_web_field, grunt_megastairs_1
Lair:4:   layout_hall_layers, minmay_shoals_entry_beasts,
          grunt_forest_large_clearing_hut, uniq_nergalle
Lair:5:   layout_cave_pods, portal_ice_cave_entry_ice_simulacra, st_stairs_4
Lair:6:   gammafunk_lair_ancient_temple, layout_cave_pods, slime_altar_1,
          gauntlet_entry_generic, uniq_rupert
Spider:1: layout_cave_pods, nicolae_spider_webs_and_nodes, nicolae_spider_shape
Spider:2: layout_spider_delve
Spider:3: layout_spider_delve
Spider:4: guppyfry_spider_rune, drop_trap
Orc:1:    layout_caves
Orc:2:    grunt_orc_community_town_hall, layout_diamond_mine,
          grunt_orc_community_big_house_1, grunt_orc_community_big_house_2,
          grunt_orc_community_house_2, grunt_orc_community_house_2,
          grunt_orc_community_house_3, grunt_orc_community_house_2, basic_altar
Elf:1:    nicolae_elf_arrival_aired_out, layout_onion_city, basic_altar,
          minmay_elf_annihilation
Elf:2:    elven_hall_of_blades_hangedman_original [nooodl_blade_entry_preview],
          layout_geoelf_diagonals, door_vault, uniq_agnes
Elf:3:    minmay_elf_hall_circle, layout_onion_city, serial_shops,
          nicolae_shop_trees, nicolae_shop_stone, shop, shop_fountains,
          billiards_dpeg, uniq_donald, uniq_saint_roka
Vaults:1: hangedman_vaults_pinch, nicolae_vaults_network_star, v_misc_8,
          v_rooms_4, v_misc_26, v_misc_11, vaults_standard_mumra_lines,
          vaults_room_pools, hangedman_vaults_stretched_pinwheel,
          layout_vaults_omnicross, serial_shops, nicolae_shop_hallway_plus

Skill      XL: |  1  2  3  4  5  6  7  8  9 10 11 12 13 14 15 16 17 18 |
---------------+-------------------------------------------------------+-----
Poison Magic   | 1 2 3 4 5 6 |  6.0
Fighting       | 2 4 5 6 8 9 10 | 10.0
Dodging        | 3 4 5 6 7 8 9 |  9.6
Transmutations | 3 4 5 7 10 13 15 16 | 16.0
Spellcasting   | 3 4 5 6 8 10 11 12 14 15 | 15.0
Unarmed Combat | 4 5 7 8 10 11 12 | 12.5
Ice Magic      | 3 4 5 7 |  7.0
Invocations    | 2 4 5 6 7 8 9 |  9.8
Earth Magic    | 2 5 7 9 10 11 12 | 12.5
Conjurations   | 1 3 |  3.0
Translocations | 1 3 |  3.0
Air Magic      | 1 3 |  3.0

Action                   |  1- 3 |  4- 6 |  7- 9 | 10-12 | 13-15 | 16-18 || total
-------------------------+-------+-------+-------+-------+-------+-------++-------
Melee: Unarmed           |    86 |   160 |   257 |   414 |   628 |   630 ||  2175
       Constrict         |    19 |    35 |    18 |     6 |     2 |     9 ||    89
       Kick              |    18 |    29 |    20 |       |       |       ||    67
       Tentacles         |    12 |    19 |    13 |     4 |     7 |     4 ||    59
       Punch             |     7 |     3 |     4 |     2 |    24 |    42 ||    82
       Tailslap          |       |       |       |       |    40 |    90 ||   130
       Bite              |       |       |       |       |    24 |    89 ||   113
 Cast: Beastly Appendage |    21 |    22 |     4 |       |     2 |     1 ||    50
       Wereblood         |    16 |    18 |    12 |    30 |    42 |    66 ||   184
       Spider Form       |     2 |     4 |     5 |     2 |       |       ||    13
       Ice Form          |       |       |    16 |    27 |    39 |       ||    82
       Lee's Rapid Decon |       |       |       |     2 |    14 |     7 ||    23
       Passwall          |       |       |       |     2 |     4 |       ||     6
       Apportation       |       |       |       |       |     1 |       ||     1
       Dragon Form       |       |       |       |       |    29 |    70 ||    99
       Irradiate         |       |       |       |       |     3 |     4 ||     7
       Iron Shot         |       |       |       |       |       |    25 ||    25
Invok: Slouch            |       |       |       |     2 |     8 |     7 ||    17
       Temporal Distorti |       |       |       |       |     4 |     2 ||     6
 Abil: End Transformatio |       |       |       |     1 |     1 |       ||     2
       Breathe Fire      |       |       |       |       |     7 |     7 ||    14
Evoke: Wand              |       |     1 |     4 |    30 |    20 |     4 ||    59
       Box of beasts     |       |       |       |       |     1 |     1 ||     2
  Use: Scroll            |     3 |     8 |     7 |    10 |     8 |     4 ||    40
       Potion            |       |     1 |       |     1 |     4 |       ||     6
 Stab: Sleeping          |     6 |     1 |     1 |     1 |     1 |     1 ||    11
       Paralysed         |       |       |     2 |     3 |       |       ||     5
       Betrayed ally     |       |       |       |     1 |       |       ||     1
       Distracted        |       |       |       |       |     1 |       ||     1
Armor: Skin              |     8 |    13 |    55 |   180 |   348 |   358 ||   962
Dodge: Dodged            |    47 |   110 |   205 |   289 |   492 |   556 ||  1699
